 Dungeon Crawl Stone Soup version 0.23.2-40-g277498a001 (webtiles) character file.

Game seed: 6325762186976685449

122 Exodus22XD the Conjurer (level 4, -5/24 HPs)
             Began as a Deep Elf Wizard on Sept 19, 2019.
             Was an Initiate of Vehumet.
             Killed from afar by an orc wizard (7 damage)
             ... with a magic dart
             ... on level 4 of the Dungeon.
             The game lasted 00:08:41 (3233 turns).

Exodus22XD the Conjurer (Deep Elf Wizard)           Turns: 3233, Time: 00:08:41

Health: -5/24      AC:  2    Str:  4    XL:     4   Next: 78%
Magic:  1/12       EV: 13    Int: 24    God:    Vehumet [......]
Gold:   210        SH:  0    Dex: 13    Spells: 0/11 levels left

rFire    . . .     SeeInvis .   q - +2 whip (flame)
rCold    + . .     Gourm    .   (no shield)
rNeg     . . .     Faith    .   a - +0 robe
rPois    .         Spirit   .   b - +0 hat
rElec    .         Reflect  .   (no cloak)
rCorr    .         Harm     .   (no gloves)
MR       .....                  (no boots)
Stlth    ++........             (no amulet)
HPRegen  0.08/turn              j - ring of protection from cold
MPRegen  0.13/turn              (no ring)

@: no status effects
A: no striking features
a: Renounce Religion


You were on level 4 of the Dungeon.
You worshipped Vehumet.
Vehumet was noncommittal.
You were not hungry.

You visited 1 branch of the dungeon, and saw 4 of its levels.

You collected 210 gold pieces.

Inventory:

Hand Weapons
 q - a +2 whip of flaming (weapon)
Armour
 a - a +0 robe (worn)
 b - a +0 hat (worn)
Jewellery
 j - a ring of protection from cold (left hand)
 u - an uncursed ring of protection from magic {unknown}
Wands
 p - a wand of digging (1)
 t - a wand of disintegration (12)
Scrolls
 c - a scroll of enchant armour {unknown}
 e - a scroll of amnesia {unknown}
 f - a scroll of random uselessness {unknown}
 h - 7 scrolls of identify {unknown}
 k - 3 scrolls of remove curse {unknown}
 l - 3 scrolls of fog {unknown}
 m - a scroll of noise {unknown}
 n - 5 scrolls of teleportation {unknown}
 s - a scroll of immolation {unknown}
Potions
 g - a potion of heal wounds {unknown}
 i - 3 potions of agility
 o - a potion of flight {unknown}
 r - a potion of ambrosia {unknown}
 v - a potion of cancellation
Comestibles
 d - 11 rations


   Skills:
 - Level 2.4 Dodging
 - Level 2.4 Stealth
 - Level 4.4 Spellcasting
 - Level 4.5 Conjurations
 * Level 2.4 Summonings
 - Level 1.1 Translocations
 + Level 0.3 Evocations


You couldn't memorise any spells.
You knew the following spells:

 Your Spells              Type           Power        Failure   Level  Hunger
a - Magic Dart            Conj           ####         1%          1    None
b - Call Imp              Summ           ###.....     4%          2    None
c - Blink                 Tloc           N/A          9%          2    None
d - Conjure Flame         Conj/Fire      ###.....     11%         3    ##.....
e - Mephitic Cloud        Conj/Pois/Air  ##......     16%         3    ##.....

Your spell library contained the following spells:

 Spells                   Type           Power        Failure   Level  Hunger
 Slow                     Hex            #.......     14%         2    None


Dungeon Overview and Level Annotations

Branches:
Dungeon (4/15)
 Temple: D:4-7

Altars:
Vehumet


Message History

Vehumet accepts your kill.
You hit the orc wizard but do no damage.
The orc wizard is moderately wounded.
The orc wizard barely misses you.
The orc wizard casts a spell.
The orc wizard flickers and vanishes!
Deactivating autopickup; reactivate with Ctrl-A.
You barely miss something. Something hits you.
* * * LOW HITPOINT WARNING * * *
You miss something. Something hits you.
* * * LOW HITPOINT WARNING * * *
Evoke which item? (* to show all) (? for menu, Esc to quit)
Aiming: Disintegrate
Press: ? - help, Shift-Dir - straight line, f - adder skeleton
Aim: an adder skeleton (chance to defeat MR: 80%) Nothing appears to happen.
You hear some strange, mumbled words.
A magic dart appears from out of thin air!
The magic dart hits you!
You die...

##........ #.# ....... ..........
#.# ##....g.. ......... #.#
#...g.... .w.......####!#
#....[... #....... ...#.#
#..g.g...
#...#.##.##.#.####....!...
#...#.##....oZ..S..#######
#...#.#####.#{####......<#
##)##.......#@####g#####.#
#####........###...○gg.####.#####
........####.# ######............
.#.##...####.# #...###..#####
.#.....oo..o.# #..## ##.#
.#....÷......# #..# #.#
....#..Z#.#..# #.†## ##<#####
.............# #.g.###g......
##.##.....#..# ####.gg#######


You could see 2 gnolls, an orc and an adder skeleton.

Vanquished Creatures
  5 adders
  3 worms
  A dart slug (D:2)
  A leopard gecko (D:1)
  11 orcs
  2 giant cockroaches
  4 goblins
  5 hobgoblins
  2 jackals (D:1)
  7 bats
  3 frilled lizards
  4 kobolds (D:1)
  7 rats
55 creatures vanquished.

Notes
Turn   | Place    | Note
-------+----------+-------------------------------------------
     0 | D:1      | Exodus22XD the Deep Elf Wizard began the quest for the Orb.
     0 | D:1      | Reached XP level 1. HP: 10/10 MP: 7/7
   208 | D:1      | Reached XP level 2. HP: 15/15 MP: 6/9
   962 | D:2      | Reached XP level 3. HP: 15/19 MP: 4/10
  2041 | D:3      | Reached XP level 4. HP: 12/24 MP: 0/12
  2045 | D:3      | Learned a level 2 spell: Call Imp
  2048 | D:3      | Learned a level 2 spell: Blink
  2052 | D:3      | Learned a level 3 spell: Conjure Flame
  2056 | D:3      | Learned a level 3 spell: Mephitic Cloud
  2220 | D:3      | Found a radiant altar of Vehumet.
  2227 | D:3      | Became a worshipper of Vehumet
  3233 | D:4      | Killed from afar by an orc wizard

Skill      XL: |  1  2  3  4 |
---------------+-------------+-----
Conjurations   | 2 3 4 |  4.5
Summonings     | 2 |  2.4
Dodging        | |  2.4
Stealth        | |  2.4
Spellcasting   | |  4.4
Translocations | |  1.1
Evocations     | |  0.3

Action                   |  1- 3 |  4- 6 || total
-------------------------+-------+-------++-------
Melee: Mace              |     3 |       ||     3
       Whip              |       |     6 ||     6
 Cast: Magic Dart        |    92 |    40 ||   132
       Conjure Flame     |       |     3 ||     3
       Mephitic Cloud    |       |     1 ||     1
Evoke: Wand              |       |     1 ||     1
  Use: Potion            |       |     2 ||     2
  Eat: Chunk             |     3 |     4 ||     7
Armor: Robe              |     1 |       ||     1
Dodge: Dodged            |    37 |    10 ||    47
